[Event "Titled Tuesday Blitz January 31 Early 2023"]
[White "Al-Tarboush, Ward"]
[Black "Bartel, Mateusz"]
[WhiteFideId "7601450"]
[BlackFideId "1112635"]
[WhiteElo "2256"]
[BlackElo "2609"]
[Result "0-1"]
[Round "02"]
[TimeControl "180+2"]
[Date "2023.01.31"]
[WhiteClock "0:00:40"]
[BlackClock "0:00:58"]

1. e4 c6 2. Nf3 d5 3. Nc3 Bg4 4. h3 Bxf3 5. Qxf3 e6 6. Be2 Nd7 7. O-O g6 8. d4 Bg7 9. Be3 Ne7 10. Rad1 O-O 11. Qg3 dxe4 12. Nxe4 Nf5 13. Qf3 Nxe3 14. fxe3 Qe7 15. c4 Rad8 16. c5 f5 17. Nd6 Nf6 18. Bc4 Ne8 19. Nxe8 Rfxe8 20. b4 Kh8 21. b5 e5 22. bxc6 bxc6 23. Qxc6 exd4 24. exd4 Bxd4+ 25. Kh1 Qxc5 26. Qa4 Qe5 27. Bb3 Bb6 28. Rxd8 Rxd8 29. Qf4 Qxf4 30. Rxf4 Kg7 31. Rc4 Kf6 32. Rc6+ Ke5 33. Re6+ Kf4 34. Kh2 Rd2 35. Re7 h5 36. Bc4 h4 37. Re2 Rd1 38. Bb3 Rf1 0-1


[Site "https://www.chess.com"]

[Event "Titled Tuesday Blitz January 31 Early 2023"]
[White "Sukandar, Irine Kharisma"]
[Black "Maksimovic, Bojan"]
[WhiteFideId "7101937"]
[BlackFideId "14408120"]
[WhiteElo "2390"]
[BlackElo "2486"]
[Result "0-1"]
[Round "02"]
[TimeControl "180+2"]
[Date "2023.01.31"]
[WhiteClock "0:00:09"]
[BlackClock "0:00:34"]

1. d4 Nf6 2. Bf4 d6 3. Nc3 Nbd7 4. e4 e5 5. Bg5 Be7 6. Nf3 O-O 7. Bc4 c6 8. a4 b6 9. O-O Qc7 10. Qe2 a6 11. Rfd1 Bb7 12. h3 h6 13. Bh4 b5 14. axb5 axb5 15. Bb3 Rxa1 16. Rxa1 Ra8 17. Rxa8+ Bxa8 18. dxe5 Nxe5 19. Nxe5 dxe5 20. Bxf6 Bxf6 21. Qd3 Bb7 22. Nd1 Bc8 23. Ne3 g6 24. c4 Ba6 25. cxb5 Bxb5 26. Bc4 Bxc4 27. Qxc4 Kg7 28. Nd5 Qd6 29. Nb4 Qd1+ 30. Kh2 Qd2 31. Qc2 Qxb4 32. Qxc6 Qxb2 33. Qc5 Qd4 34. Qc2 h5 35. Qe2 h4 36. Qc2 Bg5 37. Qe2 Bf4+ 38. g3 hxg3+ 39. fxg3 Be3 40. Qc2 Qd2+ 41. Qxd2 Bxd2 42. Kg2 Kf6 43. Kf3 Be1 44. Kg4 Ke6 45. h4 f5+ 46. exf5+ gxf5+ 47. Kf3 e4+ 48. Kf4 Bd2# 0-1


[Site "https://www.chess.com"]

[Event "Titled Tuesday Blitz January 31 Early 2023"]
[White "Elgersma, Onno"]
[Black "Albornoz Cabrera, Carlos Daniel"]
[WhiteFideId "1053531"]
[BlackFideId "3518736"]
[WhiteElo "2276"]
[BlackElo "2586"]
[Result "0-1"]
[Round "02"]
[TimeControl "180+2"]
[Date "2023.01.31"]
[WhiteClock "0:00:10"]
[BlackClock "0:01:40"]

1. e4 c5 2. Nf3 Nc6 3. Bb5 d6 4. O-O Bd7 5. Re1 Nf6 6. c3 a6 7. Bf1 Bg4 8. h3 Bxf3 9. Qxf3 g6 10. d3 Bg7 11. Be3 O-O 12. Nd2 b5 13. Qd1 b4 14. d4 bxc3 15. bxc3 Qa5 16. Nc4 Qc7 17. d5 Na5 18. Qc2 Nxc4 19. Bxc4 Nd7 20. Bf1 Qa5 21. Rac1 Rfb8 22. f4 Qa3 23. Bc4 Nb6 24. Qd3 Nxc4 25. Qxc4 Rb2 26. e5 Rab8 27. e6 Qxa2 28. exf7+ Kf8 29. Qe4 Re2 30. f5 Rbb2 31. Rxe2 Rxe2 32. fxg6 hxg6 33. Rf1 Qd2 34. Bxd2 Rxe4 35. Ra1 Re2 36. Bg5 Bxc3 37. Rxa6 Re5 38. Bf4 Rxd5 39. Ra3 Be5 0-1


[Site "https://www.chess.com"]

[Event "Titled Tuesday Blitz January 31 Early 2023"]
[White "Mikaelyan, Arman"]
[Black "Maltsevskaya, Aleksandra"]
[WhiteFideId "13304852"]
[BlackFideId "24174041"]
[WhiteElo "2523"]
[BlackElo "2390"]
[Result "1-0"]
[Round "02"]
[TimeControl "180+2"]
[Date "2023.01.31"]
[WhiteClock "0:01:20"]
[BlackClock "0:01:21"]

1. d4 Nf6 2. Bg5 g6 3. Bxf6 exf6 4. e3 f5 5. Nd2 Bg7 6. Ngf3 O-O 7. c3 d5 8. Be2 Nd7 9. O-O Nf6 10. Ne5 Nd7 11. Nd3 h6 12. c4 dxc4 13. Nxc4 Re8 14. Rc1 Nb6 15. Nce5 c6 16. a4 Be6 17. a5 Nd7 18. a6 Nxe5 19. axb7 Rb8 20. dxe5 Rxb7 21. Rxc6 Bd5 22. Rd6 Qa5 23. b4 Qa2 24. Nc5 Bxe5 25. Qxd5 Qxd5 26. Rxd5 Rxb4 1-0


[Site "https://www.chess.com"]

[Event "Titled Tuesday Blitz January 31 Early 2023"]
[White "Lewtak, Damian"]
[Black "Tactrics"]
[WhiteFideId "1141724"]
[WhiteElo "2381"]
[BlackElo "2800"]
[Result "1/2-1/2"]
[Round "02"]
[TimeControl "180+2"]
[Date "2023.01.31"]
[WhiteClock "0:00:05"]
[BlackClock "0:00:02"]

1. e4 e6 2. Nf3 d5 3. exd5 exd5 4. d4 Bd6 5. c4 Nf6 6. Nc3 c6 7. h3 O-O 8. Be3 Re8 9. Bd3 Nbd7 10. O-O dxc4 11. Bxc4 Nb6 12. Bb3 Bf5 13. Re1 h6 14. Nh4 Be6 15. Bxe6 Rxe6 16. Nf5 Nbd5 17. Qf3 Qd7 18. Nxd5 Nxd5 19. Qg4 Bf8 20. Nxh6+ Kh8 21. Nf5 Rf6 22. Ng3 Qxg4 23. hxg4 Re6 24. Bd2 Rxe1+ 25. Rxe1 g6 26. Ne4 Rd8 27. Nc3 Nb4 28. Bg5 Rd7 29. Re8 Kg7 30. Ne4 f5 31. gxf5 gxf5 32. Ng3 Kf7 33. Rb8 Bd6 34. Rh8 Bxg3 35. Rh7+ Ke6 36. Rxd7 Kxd7 37. fxg3 Nxa2 38. Kf2 Nb4 39. Ke3 Ke6 40. Bh6 Nd5+ 41. Kd3 b5 42. Bf8 a5 43. Bc5 a4 44. Ke2 Nf6 45. Ke3 Ne4 46. g4 Nf6 47. gxf5+ Kxf5 48. Kf3 Ng4 49. Bd6 Nf6 50. Bc5 Nd5 51. g4+ Kg5 52. Kg3 Kg6 53. Kf3 Kf6 54. Ke4 Ke6 55. g5 b4 56. g6 b3 57. g7 Kf7 58. Ke5 Kxg7 59. Kd6 Ne3 60. Kxc6 Nc2 61. Kb5 a3 62. Bxa3 Nxa3+ 63. Kb4 Nc2+ 64. Kc3 Kf6 65. Kxb3 Nxd4+ 66. Kc4 Ke5 67. b4 Nc6 68. Kc5 Nxb4 1/2-1/2


[Site "https://www.chess.com"]

[Event "Titled Tuesday Blitz January 31 Early 2023"]
[White "Bacrot, Etienne"]
[Black "Dilanyan, Grigor"]
[WhiteFideId "605506"]
[BlackFideId "13303570"]
[WhiteElo "2667"]
[BlackElo "2174"]
[Result "1-0"]
[Round "02"]
[TimeControl "180+2"]
[Date "2023.01.31"]
[WhiteClock "0:01:56"]
[BlackClock "0:01:30"]

1. e4 e5 2. Nf3 Nc6 3. Bb5 a6 4. Ba4 Nf6 5. O-O Nxe4 6. d4 b5 7. Bb3 d5 8. dxe5 Be6 9. Be3 Nc5 10. c3 Nxb3 11. axb3 Be7 12. Nd4 Nxd4 13. cxd4 O-O 14. Nd2 f5 15. exf6 Bxf6 16. Rc1 Qd6 17. h3 Rf7 18. Nf3 Raf8 19. Qd2 h6 20. Bf4 Qd8 21. Ne5 Bxe5 22. Bxe5 Bf5 23. f3 Be6 24. Rc6 Rd7 25. Rxe6 1-0


[Site "https://www.chess.com"]

[Event "Titled Tuesday Blitz January 31 Early 2023"]
[White "Shapiro, Viktor"]
[Black "Postny, Evgeny"]
[WhiteFideId "4175700"]
[BlackFideId "2804344"]
[WhiteElo "2192"]
[BlackElo "2549"]
[Result "1-0"]
[Round "02"]
[TimeControl "180+2"]
[Date "2023.01.31"]
[WhiteClock "0:00:48"]
[BlackClock "0:00:11"]

1. c4 e5 2. Nc3 f5 3. g3 Nc6 4. Bg2 Nf6 5. d3 g6 6. Nf3 Bg7 7. O-O O-O 8. Rb1 a5 9. a3 d6 10. b4 axb4 11. axb4 Qe7 12. b5 Nd8 13. Bg5 Qf7 14. b6 c6 15. c5 Ne6 16. cxd6 Nxg5 17. Nxg5 Qd7 18. Qb3+ Kh8 19. e4 h6 20. Nf3 Qxd6 21. Nh4 Kh7 22. Na4 f4 23. Qc2 g5 24. Nf5 Bxf5 25. exf5 g4 26. Be4 Rf7 27. Nc5 h5 28. Ra1 Rb8 29. Ra7 h4 30. Qc4 Re7 31. Ne6 Bh6 32. gxh4 Rg8 33. Kh1 g3 34. fxg3 fxg3 35. Rg1 Bf4 36. hxg3 Rxg3 37. Ng5+ Kg7 38. Rxg3 Bxg3 39. Ne6+ Kh6 40. Qc1+ Bf4 41. Qg1 1-0


[Site "https://www.chess.com"]

[Event "Titled Tuesday Blitz January 31 Early 2023"]
[White "Cherniaiev, Tykhon"]
[Black "Kalogeris, Ioannis"]
[WhiteFideId "14182360"]
[BlackFideId "4239563"]
[WhiteElo "2330"]
[BlackElo "2423"]
[Result "1/2-1/2"]
[Round "02"]
[TimeControl "180+2"]
[Date "2023.01.31"]
[WhiteClock "0:00:27"]
[BlackClock "0:00:41"]

1. Nf3 d5 2. d4 Nf6 3. c4 c6 4. e3 Bf5 5. Bd3 e6 6. O-O Nbd7 7. b3 Bd6 8. Bb2 Ne4 9. Nc3 Nxc3 10. Bxc3 Bxd3 11. Qxd3 Nf6 12. Nd2 O-O 13. e4 dxe4 14. Nxe4 Nxe4 15. Qxe4 Qf6 16. Rad1 Qf4 17. Qxf4 Bxf4 18. g3 Bc7 19. d5 exd5 20. cxd5 cxd5 21. Rxd5 Rfd8 22. Rg5 g6 23. Rc1 Bb6 24. Ba5 Rd3 25. Bxb6 axb6 26. Rb5 Rxa2 27. Rxb6 Rdd2 28. Rf1 Rd7 29. Rc1 Kg7 30. Rc3 Rb2 31. Rc4 h5 32. Rcb4 Rdd2 33. Rf4 Rd7 34. h4 Re7 35. Kg2 Rd7 36. Rb5 Rc7 37. Rb6 Rd7 38. Rb5 Rc7 39. Rb6 Rd7 1/2-1/2


[Site "https://www.chess.com"]

[Event "Titled Tuesday Blitz January 31 Early 2023"]
[White "Berezin, Viktor"]
[Black "Kukhmazov, Arsen"]
[WhiteFideId "14107872"]
[BlackFideId "24108260"]
[WhiteElo "2307"]
[BlackElo "2512"]
[Result "0-1"]
[Round "02"]
[TimeControl "180+2"]
[Date "2023.01.31"]
[WhiteClock "0:00:10"]
[BlackClock "0:00:08"]

1. d4 d5 2. c4 c6 3. Nf3 Nf6 4. e3 Bg4 5. Nbd2 e6 6. h3 Bh5 7. Qb3 Qb6 8. c5 Qc7 9. Be2 Nbd7 10. Qd1 b6 11. b4 a5 12. cxb6 Nxb6 13. b5 c5 14. dxc5 Bxc5 15. O-O a4 16. Bb2 O-O 17. Bxf6 gxf6 18. Rc1 Qe7 19. Nd4 Bxd4 20. Bxh5 Bc5 21. Qg4+ Kh8 22. Qh4 Nd7 23. Be2 Rg8 24. g3 Rg7 25. Kh2 Rag8 26. Rc2 Bd6 27. f4 Bc5 28. e4 Be3 29. e5 Rxg3 30. Qxg3 Rxg3 31. Kxg3 fxe5 32. Kh2 Bxf4+ 33. Kh1 Nb6 34. Rc6 Bxd2 35. Rxb6 Be3 36. Rc6 Qh4 37. Bg4 f5 38. Rf3 Qe1+ 39. Kh2 Qg1# 0-1


[Site "https://www.chess.com"]

[Event "Titled Tuesday Blitz January 31 Early 2023"]
[White "Ismagilov, Damir"]
[Black "Fier, Alexandr"]
[WhiteFideId "34199982"]
[BlackFideId "2107139"]
[WhiteElo "2156"]
[BlackElo "2589"]
[Result "0-1"]
[Round "02"]
[TimeControl "180+2"]
[Date "2023.01.31"]
[WhiteClock "0:00:11"]
[BlackClock "0:01:59"]

1. e4 e6 2. d4 d5 3. Nc3 Bb4 4. e5 c5 5. Bd2 Ne7 6. a3 Bxc3 7. Bxc3 b6 8. h4 Ba6 9. Bxa6 Nxa6 10. Nf3 Nb8 11. h5 h6 12. Qe2 Nbc6 13. g4 Qc7 14. Qe3 cxd4 15. Nxd4 Nxd4 16. Qxd4 Rc8 17. f4 Qc4 18. O-O-O Qa2 19. Kd2 Rc4 20. Qe3 d4 21. Bxd4 Nd5 22. Qe4 Qxb2 23. Bxb2 Rxe4 24. f5 Rxg4 25. fxe6 fxe6 26. Rhg1 Rxg1 27. Rxg1 O-O 28. c4 Rf2+ 29. Kc1 Nf4 30. Rd1 Nxh5 31. Rd8+ Kh7 32. Re8 Nf4 33. Bc3 h5 34. Kd1 h4 35. Rf8 h3 36. Bd4 Rf1+ 37. Kd2 h2 38. Be3 h1=Q 0-1


[Site "https://www.chess.com"]

[Event "Titled Tuesday Blitz January 31 Early 2023"]
[White "Talibov, Shiroghlan"]
[Black "Kubicka, Anna"]
[WhiteFideId "13429078"]
[BlackFideId "1152254"]
[WhiteElo "2359"]
[BlackElo "2240"]
[Result "1-0"]
[Round "02"]
[TimeControl "180+2"]
[Date "2023.01.31"]
[WhiteClock "0:00:10"]
[BlackClock "0:00:21"]

1. Nf3 Nf6 2. c4 g6 3. b4 Bg7 4. Bb2 O-O 5. e3 d5 6. cxd5 Nxd5 7. Bxg7 Kxg7 8. Qb3 c6 9. Nc3 Nxc3 10. Qxc3+ Kg8 11. Bc4 Bg4 12. Ne5 Bf5 13. O-O Nd7 14. f4 Nxe5 15. fxe5 Qd7 16. d4 Be6 17. Be2 a5 18. a3 axb4 19. axb4 Qd5 20. Bf3 Qc4 21. Qxc4 Bxc4 22. Rfc1 Bb5 23. Kf2 e6 24. h4 h5 25. Ke1 Rfd8 26. Kd2 Kf8 27. Kc3 Ke7 28. Ra5 Rxa5 29. bxa5 Kd7 30. Kb4 Kc7 31. Rc2 Bd3 32. Rd2 Ba6 33. Be4 Rd7 34. Kc5 Rd8 35. Ra2 Bb5 36. Rf2 Rd7 37. Bc2 Rd5+ 38. Kb4 Rd7 39. Bb3 b6 40. axb6+ Kxb6 41. Ra2 Bf1 42. g3 Rb7 43. Ra8 Kc7+ 44. Kc3 Kb6 45. Bc2 Ra7 46. Rf8 Ra3+ 47. Kd2 Ra7 48. Be4 Bc4 49. Bc2 Bd5 50. Kc1 c5 51. Kd2 cxd4 52. exd4 Ra2 53. Kc3 Ra7 54. Kd2 Rc7 55. Ba4 Bc6 56. Bb3 Bb5 57. Rb8+ Rb7 58. Rxb7+ Kxb7 59. d5 Bd7 60. Ke3 Kb6 61. dxe6 fxe6 62. Kf4 Kc5 63. Kg5 Kd4 64. Kf6 Ke4 65. Bxe6 Be8 66. Bf7 Bxf7 67. Kxf7 Kxe5 68. Kxg6 Ke6 69. Kxh5 Kf5 70. g4+ Kf6 71. g5+ Kf7 72. g6+ Kg7 73. Kg5 Kh8 74. h5 Kg8 75. h6 Kh8 76. Kf6 Kg8 77. g7 Kh7 78. Kf7 Kxh6 79. g8=Q 1-0


[Site "https://www.chess.com"]

[Event "Titled Tuesday Blitz January 31 Early 2023"]
[White "Averjanov, Alexey"]
[Black "Ristic, Nebojsa B"]
[WhiteFideId "14109867"]
[BlackFideId "935468"]
[WhiteElo "2399"]
[BlackElo "2236"]
[Result "1/2-1/2"]
[Round "02"]
[TimeControl "180+2"]
[Date "2023.01.31"]
[WhiteClock "0:00:12"]
[BlackClock "0:00:16"]

1. d4 Nf6 2. c4 e6 3. Nf3 b6 4. g3 Bb7 5. Bg2 g6 6. O-O Bg7 7. b3 O-O 8. Bb2 d6 9. Nbd2 Nbd7 10. Qc2 Qe7 11. e4 e5 12. Rfe1 Rae8 13. Rad1 Nh5 14. Re2 Qd8 15. Rde1 Qa8 16. h3 h6 17. Kh2 Qd8 18. Bc3 exd4 19. Nxd4 Nc5 20. Nb5 a6 21. Bxg7 Nxg7 22. Nc3 Nge6 23. Nf3 a5 24. Qd2 Kh7 25. Nd4 Qf6 26. Nxe6 fxe6 27. f4 e5 28. Nd5 Qg7 29. Rf1 Bxd5 30. exd5 exf4 31. Rxe8 Rxe8 32. Qxf4 Nd3 33. Qf3 Ne5 34. Qf4 Re7 35. Qd2 Rf7 36. Rf4 Rf6 37. Qf2 Nd3 38. Rxf6 Nxf2 39. Rxf2 Qe7 40. a4 Kg7 41. Rf3 Qe5 42. h4 g5 43. hxg5 hxg5 44. Bh3 Qe2+ 45. Bg2 Qb2 46. Re3 Kf6 47. Re6+ Kf7 48. Re3 Qc2 49. g4 Qd2 50. Rf3+ Kg7 51. Kg3 Qe1+ 52. Kh2 Qe5+ 53. Kh3 Qb2 54. Kh2 Kg6 55. Kg3 Qc2 56. Bf1 Kg7 57. Bg2 Qd1 58. Bf1 Qe1+ 59. Kg2 Qd1 60. Kg3 Qc2 61. Bg2 Qd1 62. Bf1 1/2-1/2


[Site "https://www.chess.com"]

[Event "Titled Tuesday Blitz January 31 Early 2023"]
[White "Garv Gaur"]
[Black "Harshavardhan G B"]
[WhiteFideId "45030839"]
[BlackFideId "25059009"]
[WhiteElo "2006"]
[BlackElo "2408"]
[Result "1-0"]
[Round "02"]
[TimeControl "180+2"]
[Date "2023.01.31"]
[WhiteClock "0:01:05"]
[BlackClock "0:00:13"]

1. d4 Nf6 2. Nf3 g6 3. c4 Bg7 4. g3 O-O 5. Bg2 d6 6. O-O Nbd7 7. Nc3 e5 8. e4 exd4 9. Nxd4 Re8 10. h3 Nc5 11. Re1 Bd7 12. Bf4 a5 13. Ndb5 Ne6 14. Be3 Bc6 15. Qc2 Nd7 16. Rad1 h5 17. b3 Rc8 18. Nd5 Bxd5 19. exd5 Nec5 20. a3 h4 21. g4 Na6 22. Qd2 b6 23. Bg5 Rxe1+ 24. Rxe1 Bf6 25. Bf4 Qf8 26. Bh6 Bg7 27. Bxg7 Qxg7 28. Na7 Ra8 29. Nc6 Qf6 30. Qh6 Qg7 31. Qxh4 Nac5 32. Qg3 a4 33. b4 Nb3 34. Re7 Qa1+ 35. Kh2 Nf6 36. Qf4 Rf8 37. Rxc7 Kg7 38. Qxd6 Qxa3 39. Ne5 Qc1 40. Nxf7 Rxf7 41. Rxf7+ Kxf7 42. Qe6+ Kg7 43. Qe7+ Kg8 44. Qxf6 a3 45. Qxg6+ Kf8 46. Qf6+ Ke8 47. d6 Qe1 48. Bc6# 1-0


[Site "https://www.chess.com"]

[Event "Titled Tuesday Blitz January 31 Early 2023"]
[White "Halkias, Stelios"]
[Black "Derjabin, Ilja"]
[WhiteFideId "4201809"]
[BlackFideId "14104768"]
[WhiteElo "2511"]
[BlackElo "2333"]
[Result "1-0"]
[Round "02"]
[TimeControl "180+2"]
[Date "2023.01.31"]
[WhiteClock "0:00:06"]
[BlackClock "0:00:02"]

1. d4 Nf6 2. Nf3 d6 3. c4 Bg4 4. Qb3 Qc8 5. Nc3 Bxf3 6. exf3 g6 7. Be3 Bg7 8. O-O-O O-O 9. g4 c5 10. dxc5 dxc5 11. g5 Nh5 12. f4 Nc6 13. Be2 Nd4 14. Bxd4 cxd4 15. Nd5 Kh8 16. Bxh5 gxh5 17. Nxe7 Qc5 18. Nd5 Rac8 19. Kb1 Qxc4 20. Qxc4 Rxc4 21. Rhe1 Rd8 22. Ne7 d3 23. Nf5 Rxf4 24. Rxd3 Rg8 25. Nd6 Rxf2 26. Re7 Rf8 27. Rxb7 h4 28. h3 h6 29. Ne4 Rf1+ 30. Kc2 Re8 31. gxh6 Bxh6 32. Nd6 Re2+ 33. Kb3 Kg7 34. Rd5 Rf3+ 35. Ka4 Re6 36. Nf5+ Kg6 37. Nxh6 Kxh6 38. Rb4 Ra6+ 39. Ra5 Rxa5+ 40. Kxa5 Rxh3 41. Rb7 Kg6 42. Rxa7 Rg3 43. Ra8 h3 44. Rg8+ Kh5 45. Rxg3 Kh4 46. Rxh3+ Kxh3 47. b4 f5 48. b5 f4 49. b6 f3 50. b7 f2 51. b8=Q f1=Q 52. Qb3+ Kh4 53. Kb4 Qf8+ 54. Kc3 Kg3 55. a4 Kf2 56. Qb6+ Ke2 57. Qb5+ Ke3 58. Qe5+ Kf2 59. Kb3 Qg8+ 60. Kb4 Qc8 61. Qc5+ Qxc5+ 62. Kxc5 1-0


[Site "https://www.chess.com"]

[Event "Titled Tuesday Blitz January 31 Early 2023"]
[White "Shuvalov, Evgenij"]
[Black "Acor, Corey"]
[WhiteFideId "4187237"]
[BlackFideId "2024861"]
[WhiteElo "2038"]
[BlackElo "2216"]
[Result "0-1"]
[Round "02"]
[TimeControl "180+2"]
[Date "2023.01.31"]
[WhiteClock "0:01:36"]
[BlackClock "0:01:07"]

1. d4 Nf6 2. c4 e5 3. Nc3 exd4 4. Qxd4 Nc6 5. Qd1 Bb4 6. Bd2 O-O 7. Nf3 Re8 8. e3 d6 9. Be2 Bf5 10. O-O a5 11. h3 h6 12. a3 Bc5 13. Na4 b6 14. Be1 Ne4 15. Nd2 Nf6 16. Bf3 Qd7 17. Nb1 Rad8 18. Nbc3 Ne5 19. Be2 Bxh3 20. gxh3 Qxh3 21. Nxc5 dxc5 22. Nd5 Nfg4 23. Bxg4 Nxg4 24. Qxg4 Qxg4+ 25. Kh2 Qxc4 26. Nxc7 Qxf1 27. Nxe8 Rxe8 0-1


[Site "https://www.chess.com"]

[Event "Titled Tuesday Blitz January 31 Early 2023"]
[White "Borrmann, Laurenz"]
[Black "Oganian, Miran"]
[WhiteFideId "312187930"]
[BlackFideId "4122488"]
[WhiteElo "2304"]
[BlackElo "2439"]
[Result "1-0"]
[Round "02"]
[TimeControl "180+2"]
[Date "2023.01.31"]
[WhiteClock "0:00:02"]
[BlackClock "0:00:01"]

1. d4 e6 2. c4 d5 3. Nf3 a6 4. cxd5 exd5 5. Nc3 Nf6 6. Bg5 c6 7. e3 Be7 8. Bd3 Nbd7 9. Qc2 O-O 10. O-O Re8 11. Ne5 Nf8 12. Rad1 Ng4 13. Bxe7 Rxe7 14. Nxg4 Bxg4 15. Rde1 Bh5 16. b4 Bg6 17. Na4 a5 18. Bxg6 hxg6 19. a3 axb4 20. axb4 Qd6 21. Nb6 Rae8 22. Rb1 Ne6 23. b5 c5 24. dxc5 Nxc5 25. Rfc1 Qxb6 26. Qxc5 Qe6 27. Rd1 Rd7 28. Rd4 b6 29. Qb4 Rc8 30. Rbd1 Rc4 31. Rxc4 dxc4 32. Rxd7 Qxd7 33. Qxc4 Qd1+ 34. Qf1 Qb3 35. g3 g5 36. Qe2 f5 37. h3 Kh7 38. Qh5+ Kg8 39. Qe8+ Kh7 40. Qc6 g4 41. hxg4 fxg4 42. Kg2 Qb1 43. e4 Qd3 44. e5 Qe2 45. Qd5 Kg6 46. Qe6+ Kh7 47. Qf5+ g6 48. Qf7+ Kh8 49. Qf4 Qxb5 50. Qh6+ Kg8 51. Qxg6+ Kf8 52. Qf6+ Ke8 53. Qe6+ Kd8 54. Qd6+ Ke8 55. e6 Qa4 56. Qxb6 Qe4+ 57. Kf1 Ke7 58. Qe3 Qb1+ 59. Kg2 Qb7+ 60. Kh2 Qb4 61. Qe5 Qd2 62. Kg2 Qd1 63. Qf5 Qe2 64. Qf7+ Kd6 65. e7 Qe4+ 66. Kf1 Qb1+ 67. Ke2 Qc2+ 68. Ke3 Qc3+ 69. Kf4 1-0


[Site "https://www.chess.com"]

[Event "Titled Tuesday Blitz January 31 Early 2023"]
[White "Roux, Baptiste"]
[Black "Kopylov, Alexander A."]
[WhiteFideId "36017450"]
[BlackFideId "4164857"]
[WhiteElo "2300"]
[BlackElo "2397"]
[Result "0-1"]
[Round "02"]
[TimeControl "180+2"]
[Date "2023.01.31"]
[WhiteClock "0:00:03"]
[BlackClock "0:00:37"]

1. e4 e5 2. Nf3 Nc6 3. Bb5 a6 4. Ba4 d6 5. O-O Bd7 6. d3 g6 7. Re1 Bg7 8. Nbd2 Nf6 9. Nf1 Nh5 10. Ng3 Nxg3 11. hxg3 O-O 12. c3 h6 13. Bb3 Kh7 14. d4 Bg4 15. Be3 f5 16. Bd5 f4 17. gxf4 exf4 18. Bd2 Rb8 19. Qe2 Ne7 20. Bb3 Kh8 21. Qd3 g5 22. e5 Bf5 23. Qe2 d5 24. c4 c6 25. Bc3 Ng6 26. Nh2 Qe7 27. cxd5 cxd5 28. Bxd5 b5 29. Be4 b4 30. Bxf5 Rxf5 31. Qe4 Nh4 32. Bd2 a5 33. Nf3 Nxf3+ 34. Qxf3 Rd8 35. Qe4 Qe6 36. a3 f3 37. g4 Rf4 38. Bxf4 Rxd4 39. Qa8+ Kh7 40. Bg3 Qxg4 41. Re3 Rf4 42. e6 Bd4 43. Rxf3 Rxf3 44. e7 Qxg3+ 45. Kh1 Qh3+ 46. Kg1 Rg3+ 47. Qg2 Qxg2# 0-1


[Site "https://www.chess.com"]

[Event "Titled Tuesday Blitz January 31 Early 2023"]
[White "Kozin, Yuri"]
[Black "Wong, Yinn Long"]
[WhiteFideId "4129920"]
[BlackFideId "5707684"]
[WhiteElo "2251"]
[BlackElo "2371"]
[Result "0-1"]
[Round "02"]
[TimeControl "180+2"]
[Date "2023.01.31"]
[WhiteClock "0:00:15"]
[BlackClock "0:00:16"]

1. e4 c6 2. d4 d5 3. exd5 cxd5 4. c4 Nf6 5. Nc3 Nc6 6. Bg5 e6 7. c5 Be7 8. Bb5 O-O 9. Nf3 Ne4 10. Bf4 Bd7 11. O-O Bf6 12. Re1 Nxc3 13. bxc3 b6 14. Bxc6 Bxc6 15. cxb6 Qxb6 16. Be5 Be7 17. Qd2 Qa5 18. Re3 Rfc8 19. h4 Bd7 20. h5 f6 21. Bf4 Rc6 22. Rae1 Rac8 23. Rc1 Bb4 24. h6 g6 25. Nh4 Rxc3 26. Rcxc3 Rxc3 27. Qe2 Rxe3 28. Qxe3 Qxa2 29. Qd3 Qa3 30. Qc2 Qc3 31. Qb1 g5 32. Bxg5 fxg5 33. Qa2 gxh4 34. Qxa7 Qc8 35. Qb6 Bf8 36. Qb2 Bxh6 37. Qe2 0-1


[Site "https://www.chess.com"]

[Event "Titled Tuesday Blitz January 31 Early 2023"]
[White "Biastoch, Bennet"]
[Black "Preotu, Razvan"]
[WhiteFideId "12939889"]
[BlackFideId "2613280"]
[WhiteElo "2257"]
[BlackElo "2475"]
[Result "1-0"]
[Round "02"]
[TimeControl "180+2"]
[Date "2023.01.31"]
[WhiteClock "0:00:26"]
[BlackClock "0:00:10"]

1. e4 c5 2. Nf3 d6 3. d4 cxd4 4. Nxd4 Nf6 5. Nc3 a6 6. Be3 e5 7. Nb3 Be6 8. f3 h5 9. Qd2 Nbd7 10. Be2 Rc8 11. O-O b5 12. Nd5 Bxd5 13. exd5 Nb6 14. a4 Nc4 15. Bxc4 bxc4 16. Na5 Qc7 17. b4 g6 18. c3 Bg7 19. Rfd1 O-O 20. Qf2 e4 21. Bd4 Rfe8 22. Qh4 Nd7 23. Nc6 exf3 24. Ne7+ Rxe7 25. Qxe7 fxg2 26. Kxg2 Bf8 27. Qe4 Ne5 28. Bxe5 dxe5 29. b5 axb5 30. axb5 Rb8 31. Rdb1 Bc5 32. Qxc4 Qe7 33. Kh1 e4 34. Re1 e3 35. Rad1 Ra8 36. Qd3 Ra2 37. d6 Qh4 38. Re2 Rxe2 39. Qxe2 Qe4+ 40. Kg1 Qg4+ 41. Qxg4 e2+ 42. Kg2 hxg4 43. Re1 Bxd6 44. Rxe2 f5 45. Rd2 Bc5 46. Rd5 Be3 47. c4 f4 48. c5 f3+ 49. Kf1 Kf7 50. b6 Ke6 51. Rd3 Bxc5 52. b7 Ba7 53. Rd8 Kf5 54. b8=Q Bxb8 55. Rxb8 Kf4 56. Kf2 1-0


[Site "https://www.chess.com"]

[Event "Titled Tuesday Blitz January 31 Early 2023"]
[White "Beerdsen, Thomas"]
[Black "Ljukin, Sergei"]
[WhiteFideId "1030108"]
[BlackFideId "14102200"]
[WhiteElo "2507"]
[BlackElo "2362"]
[Result "1-0"]
[Round "02"]
[TimeControl "180+2"]
[Date "2023.01.31"]
[WhiteClock "0:01:07"]
[BlackClock "0:00:12"]

1. e4 e6 2. c4 d5 3. cxd5 exd5 4. Qb3 Nc6 5. exd5 Nb4 6. Nc3 Bf5 7. d3 Bxd3 8. Bxd3 Nxd3+ 9. Kf1 Nc5 10. Qc4 Nf6 11. Bg5 Bd6 12. Re1+ Kf8 13. Nf3 h6 14. Be3 Ncd7 15. g3 Ne5 16. Nxe5 Bxe5 17. Bc5+ Bd6 18. Kg2 b6 19. Bd4 Kg8 20. Re2 Kh7 21. Rhe1 Rf8 22. Nb5 a6 23. Nxd6 Qxd6 24. Bxf6 Qxf6 25. Qxc7 Rad8 26. Re7 Qxb2 27. Rxf7 Rxf7 28. Qxf7 Qd4 29. Qf5+ Kh8 30. Re5 b5 31. h4 b4 32. g4 a5 33. Kg3 a4 34. g5 h5 35. g6 Qg4+ 36. Qxg4 hxg4 37. Re4 Rb8 38. d6 Kg8 39. d7 Kf8 40. Rxb4 Rd8 41. Rxa4 Rxd7 42. Rf4+ Kg8 43. Kxg4 1-0


[Site "https://www.chess.com"]

[Event "Titled Tuesday Blitz January 31 Early 2023"]
[White "Lortkipanidze, Nodar"]
[Black "Jimenez Almeida, Luis David"]
[WhiteFideId "13604058"]
[BlackFideId "22242244"]
[WhiteElo "2406"]
[BlackElo "2242"]
[Result "0-1"]
[Round "02"]
[TimeControl "180+2"]
[Date "2023.01.31"]
[WhiteClock "0:00:41"]
[BlackClock "0:00:23"]

1. e4 c6 2. Nc3 g6 3. d4 Bg7 4. Nf3 d6 5. a4 a5 6. Bc4 Nf6 7. e5 dxe5 8. Nxe5 O-O 9. O-O Na6 10. Re1 Nc7 11. Ne2 Be6 12. Bd3 Ncd5 13. c3 Qc8 14. Bg5 Rd8 15. Qc2 Bf5 16. Bxf5 Qxf5 17. Qxf5 gxf5 18. Bxf6 Bxf6 19. Nd3 e6 20. Ra3 Nb6 21. Rb3 Nxa4 22. Rxb7 Rab8 23. Rxb8 Rxb8 24. Ra1 Nxb2 25. Rb1 a4 26. Nb4 Nd3 27. Kf1 a3 28. g3 Nxb4 29. cxb4 Be7 30. Nc3 Rxb4 31. Rxb4 Bxb4 32. Na2 Bd6 33. Ke2 c5 34. Kd3 cxd4 35. Kxd4 Kg7 36. f4 h5 37. Nc3 Be7 38. Kc4 h4 39. Kb3 hxg3 40. hxg3 Kh6 41. Nd1 Kh5 42. Nf2 Bc5 43. Nd3 Bf8 44. Ne5 f6 45. Nd7 Be7 46. Nb8 Kg4 47. Nc6 Bd6 48. Nd8 e5 49. Nf7 exf4 50. gxf4 Bxf4 51. Kxa3 Be3 52. Kb3 f4 53. Kc2 f3 54. Kd3 Kg3 55. Nd6 Ba7 56. Ne4+ Kg2 57. Nd2 f2 58. Ke4 f1=Q 59. Nxf1 Kxf1 60. Kf4 Bd4 61. Ke4 Ba1 62. Kf5 Kg2 63. Ke4 Kg3 64. Kf5 Kh4 65. Kg6 Kg4 66. Kf7 f5 67. Ke6 f4 0-1


[Site "https://www.chess.com"]